 Dungeon Sprint DCSS version 0.28-a0-1447-ga5a8893891 (webtiles) character file.

Game seed: 10833975240209667551

17941 browni3141 the Bludgeoner (level 12, -10/87 (88) HPs)
             Began as a Formicid Fighter on Jan 10, 2022.
             Was the Champion of Okawaru.
             Mangled by a steelbarb worm (15 damage)
             ... in the Dungeon (Sprint V: "Ziggurat Sprint").
             The game lasted 00:07:55 (1050 turns).

browni3141 the Bludgeoner (Formicid Fighter)        Turns: 1050, Time: 00:07:55

HP:   -10/87 (88)   AC: 29    Str: 32    XL:     12   Next: 88%
MP:   0/16          EV:  5    Int:  8    God:    Okawaru [******]
Gold: 0             SH: 40    Dex:  8    Spells: 11/11 levels left

rFire   + . .      SeeInvis +   C - +6 shillelagh "Devastator" {shatter}
rCold   + . .      Faith    .   E - +18 shield of the Gong {rElec rN+ Will+ EV-5}
rNeg    + + .      Spirit   +   D - +15 Maxwell's patent armour {-Cast -Tele rElec Will+ rCorr}
rPois   .          Reflect  .   (helmet unavailable)
rElec   +          Harm     .   n - +0 cloak {Will+}
rCorr   +          Rampage  .   R - +1 pair of gloves {hurl}
Will    ++++.      NoCast   +   M - +2 pair of boots {Stlth+}
Stlth   ..........              K - brooch of Shielding {Spirit SH+8}
HPRegen 0.24/turn               J - ring of the Witching Hero {rN+ Str+6 Int+4}
MPRegen 0.15/turn               F - ring of Xom's Entertainment {rF+ rC+ rCorr}

@: heroic, finesse-ful, spiked, corroded, glowing, studying Fire Magic, lightly
drained, unable to read
A: permanent stasis, dig shafts and tunnels, antennae 3, four strong arms,
clumsy 1, deformed body, dopey 2, frail 2, low mp 2, subdued magic 2, inability
to read while threatened
a: Dig, Renounce Religion, Heroism, Finesse


You were in the Dungeon.
You worshipped Okawaru.
Okawaru was exalted by your worship.
You visited 1 branch

Inventory:

Hand Weapons
 a - a +0 flail
 A - the +7 great mace "Firestarter" {inner flame, rF++}
   (You found it in the Dungeon)

   It burns those it strikes, dealing additional fire damage.
   It fills those it strikes with an explosive inner flame.
   It grants immunity to clouds of flame.
   rF:        It greatly protects you from fire.
 B - the +10 dark maul {vorpal}
   (You found it in the Dungeon)

   It inflicts extra damage upon your enemies.
 C - the +6 shillelagh "Devastator" (weapon) {shatter}
   (You found it in the Dungeon)

   It releases a powerful concussive burst when it strikes, dealing extra damage
   to the target and all other foes adjacent to them.
Armour
 b - a +0 scale mail
 c - a +0 buckler
 n - a +0 cloak of willpower (worn)
 D - the +15 Maxwell's patent armour (worn) {-Cast -Tele rElec Will+ rCorr}
   (You found it in the Dungeon)

   rElec:     It insulates you from electricity.
   -Cast:     It prevents spellcasting.
   -Tele:     It prevents most forms of teleportation.
   rCorr:     It protects you from acid and corrosion.
   Will:      It increases your willpower.
 E - the +18 shield of the Gong (worn) {rElec rN+ Will+ EV-5}
   (You found it in the Dungeon)

   It is deafeningly noisy when blocking attacks.
   EV:        It affects your evasion (-5).
   rElec:     It insulates you from electricity.
   rN:        It protects you from negative energy.
   Will:      It increases your willpower.
 M - a +2 pair of boots of stealth (worn)
 R - a +1 pair of gloves of hurling (worn)
Jewellery
 t - a ring of flight
 u - a +6 ring of dexterity
 v - a +6 ring of dexterity
 w - a +6 ring of intelligence
 x - a +6 ring of intelligence
 y - a +6 ring of strength
 z - a +6 ring of strength
 F - the ring of Xom's Entertainment (right hand) {rF+ rC+ rCorr}
   (You found it in the Dungeon)

   [ring of protection from fire]

   rF:        It protects you from fire.
   rC:        It protects you from cold.
   rCorr:     It protects you from acid and corrosion.
 G - a +4 ring of evasion
 H - an amulet of magic regeneration
 I - a +6 ring of strength
 J - the ring of the Witching Hero (left hand) {rN+ Str+6 Int+4}
   (You found it in the Dungeon)

   [ring of positive energy]

   Str:       It affects your strength (+6).
   Int:       It affects your intelligence (+4).
   rN:        It protects you from negative energy.
 K - the brooch of Shielding (around neck) {Spirit SH+8}
   (You found it in the Dungeon)

   [amulet of guardian spirit]

   It causes incoming damage to be divided between your reserves of health and
   magic.
   SH:        It affects your SH (+8).
 L - an amulet of faith
 O - the amulet of Youthful Indiscretion {RegenMP Fragile Int+2 Dex+4}
   (You found it in the Dungeon)

   [amulet of magic regeneration]

   It increases your rate of magic regeneration.
   Int:       It affects your intelligence (+2).
   Dex:       It affects your dexterity (+4).
   Fragile:   It will be destroyed if unequipped.
 P - a ring of positive energy
 Q - a +6 ring of dexterity
Wands
 q - a wand of mindburst (7)
 r - a wand of iceblast (7)
 s - a wand of acid (2)
Scrolls
 l - 4 scrolls of amnesia
 m - 6 scrolls of fog
 o - 5 scrolls of identify
 p - 2 scrolls of fear
 N - a scroll of brand weapon
Potions
 d - 8 potions of might
 e - 9 potions of curing
 f - 10 potions of heal wounds
 g - 7 potions of magic
 h - 2 potions of brilliance
 i - 2 potions of invisibility
 j - 4 potions of resistance
Miscellaneous
 k - a tin of tremorstones (1/2)


   Skills:
 + Level 15.3(20.3) Fighting
 * Level 18.3(23.3) Maces & Flails
 + Level 15.2(20.2) Armour
 + Level 16.7(21.7) Shields
 - Level 12.0 Invocations
 - Level 6.0 Evocations


You had 11 spell levels left.
You didn't know any spells.
Your spell library contained the following spells:

 Spells                   Type           Power      Damage    Failure   Level
 Sting                    Tmut/Pois      0%         1d3       85%         1
 Corpse Rot               Necr/Air       0%         N/A       94%         2
 Ensorcelled Hibernation  Hex/Ice        0%         N/A       94%         2
 Passwall                 Tmut/Erth      0%         N/A       94%         2
 Poisonous Vapours        Pois/Air       0%         N/A       94%         2
 Conjure Flame            Conj/Fire      0%         6-21      99%         3
 Gell's Gravitas          Tloc           0%         N/A       99%         3
 Inner Flame              Hex/Fire       0%         N/A       99%         3
 Lesser Beckoning         Tloc           0%         N/A       99%         3
 Mephitic Cloud           Conj/Pois/Air  0%         N/A       99%         3
 Spider Form              Tmut/Pois      0%         N/A       99%         3
 Teleport Other           Tloc           0%         N/A       99%         3
 Anguish                  Hex/Necr       0%         N/A       100%        4
 Cause Fear               Hex            0%         N/A       100%        4
 Dispel Undead            Necr           0%         3d6       100%        4
 Olgreb's Toxic Radiance  Pois           0%         N/A       100%        4
 Storm Form               Tmut/Air       0%         N/A       100%        7
 Discord                  Hex            0%         N/A       100%        8
 Fire Storm               Conj/Fire      0%         5d1       100%        9
 Swiftness                Air            Unusable   N/A       N/A         3
 Summon Ice Beast         Ice/Summ       Unusable   N/A       N/A         4
 Summon Mana Viper        Hex/Summ       Unusable   N/A       N/A         5
 Death Channel            Necr           Unusable   N/A       N/A         6

Dungeon Overview and Level Annotations

Branches:
Dungeon (1/1)

Altars:
Ashenzari
Cheibriados
Dithmenos
Elyvilon
Fedhas
Gozag
Hepliaklqana
Kikubaaqudgha
Makhleb
Nemelex Xobeh
Okawaru
Qazlal
Ru
Sif Muna
Trog
Uskayaw
Vehumet
Wu Jian
Xom
Yredelemnul
Zin
The Shining One
Beogh
Jiyva
Lugonu

Annotations:
D 1 transporter


Innate Abilities, Weirdness & Mutations

You cannot be hasted, slowed, berserked, paralysed or teleported.
You can dig through walls and to a lower floor.
You have a pair of large antennae on your head. (SInv)
Your four strong arms can wield two-handed weapons with a shield.
You are clumsy. (Dex -2)
Armour fits poorly on your strangely shaped body.
You are very dopey. (Int -4)
You are very frail. (-20% HP)
Your magical capacity is very low. (-20% MP)
Your spells are easier to cast, but less powerful.
You sometimes lose the ability to read scrolls when taking damage.


Message History

The burst of rock shards engulfs the pharaoh ant.
The burst of rock shards engulfs the sun moth!!
The burst of rock shards engulfs the emperor scorpion but does no damage.
You block the hornet's attack.
GONNNNG!
You block the sun moth's attack.
BOUMMMMG!
The emperor scorpion stings you!
* * * LOW HITPOINT WARNING * * *
You block the emperor scorpion's attack.
GONNNNG!
The emperor scorpion claws you.
* * * LOW HITPOINT WARNING * * *
The pharaoh ant bites you but does no damage.
The entropy weaver hits you but does no damage.
You block the entropy weaver's attack.
GONNNNG!
The entropy weaver hits you but does no damage. x2
The steelbarb worm hits you but does no damage.
The hornet stings you but does no damage.
The sun moth barely misses you. You block the torpor snail's attack.
GONNNNG!
Unknown command.
Unknown command.
Unknown command.
You feel much better. The pharaoh ant bites you!
* * * LOW HITPOINT WARNING * * *
You block the emperor scorpion's attack.
SHROANNG!
You block the emperor scorpion's attack.
GONNNNG!
The emperor scorpion barely misses you. You block the entropy weaver's attack.
BONNNG!
The entropy weaver barely misses you.
The entropy weaver hits you but does no damage.
You block the entropy weaver's attack.
PANG!
The hornet stings you but does no damage.
The steelbarb worm hits you!
You die...

▓▓▓▓▓▓▓▓▓▓▓▓
▓...8©8...▓...8©8...▓.
▓..?::=)[.▓..)|)....▓.
▓..:[)[)..▓...)".)..▓.
▓.........▓.........▓.
▓.........▓.........▓.
▓....s....▓...)|)...▓.
▓...Bys...▓....[....▓.
▓..sw@Bw..▓.........▓.
▓.▓.y.w.▓.▓.........▓.
▓....©....▓....©....▓▓
▓▓▓▓▓▓▓▓▓▓▓▓▓▓▓▓▓▓▓▓▓


{{{{{{{{ { {{{{{{{{{{ {{{{{{{{{{ {{{{{{{{{{ {{{{{{{{{{ {{{{{{{{{{ {{{{{ You
could see 2 emperor scorpions, a sun moth, a steelbarb worm, an entropy weaver,
2 torpor snails, a pharaoh ant, a hornet and a jumping spider.

Vanquished Creatures
  2 pandemonium lords (D)
  A yaktaur captain (D)
  2 vault guards (D)
  A sixfirhy (D)
  3 necromancers (D)
  2 wolf spiders (D)
  2 vault sentinels (D)
  A black mamba (D)
  2 naga magi (D)
  3 yaktaurs (D)
  A demonic crawler (D)
  An ice devil (D)
  A red devil (D)
  2 merfolk (D)
  A slime creature (D)
  2 jumping spiders (D)
  A wraith (D)
  A vampire (D)
  A redback (D)
  6 nagas (D)
  2 water moccasins (D)
  2 centaurs (D)
  4 scorpions (D)
  A wight (D)
  A crimson imp (D)
  4 quasits (D)
  2 adders (D)
  An ufetubus (D)
  A bat skeleton (D)
  7 ball pythons (D)
  A ball python skeleton (D)
  A ball python zombie (D)
  2 quokka skeletons (D)
65 creatures vanquished.

Notes
Turn   | Place    | Note
-------+----------+-------------------------------------------
     0 | D        | browni3141 the Formicid Fighter began the quest for the
                  | Orb.
     0 | D        | Reached XP level 1. HP: 18/18 MP: 1/1
     0 | D        | Found a shimmering blue altar of Sif Muna.
     0 | D        | Found a sacrificial altar of Ru.
     0 | D        | Found a bloodstained altar of Trog.
     0 | D        | Found a stormy altar of Qazlal.
     0 | D        | Found an iron altar of Okawaru.
     0 | D        | Found a sparkling altar of Nemelex Xobeh.
     0 | D        | Found a blossoming altar of Fedhas.
     0 | D        | Found the +6 Majin-Bo {vamp, MP+6 Int+6}
     0 | D        | Found the +9 heavy crossbow "Sniper" {vorpal, Acc+∞ SInv}
     0 | D        | Found the +10 dark maul {vorpal}
     0 | D        | Found the +15 Maxwell's patent armour {-Cast -Tele rElec
                  | Will+ rCorr}
     0 | D        | Found the +18 shield of the Gong {rElec rN+ Will+ EV-5}
     0 | D        | Found the +14 obsidian axe {vorpal, Mesm Drain Fly SInv}
     0 | D        | Found the +7 great mace "Firestarter" {inner flame, rF++}
     0 | D        | Found the +6 shillelagh "Devastator" {shatter}
     0 | D        | Found the +11 plutonium sword {Contam Stlth-}
     0 | D        | Found the +8 lance "Wyrmbane" {slay drac, rPois rF+ rC+
                  | AC+3}
     0 | D        | Found the +9 sword of Zonguldrok {reap}
     0 | D        | Found the +13 scythe of Curses {drain, Drain}
     0 | D        | Found the +5 sword of Power {vorpal}
     0 | D        | Found the +7 mace of Variability {chain chaos}
     0 | D        | Found the +7 Singing Sword {vorpal, sonic wave}
     0 | D        | Found the +8 storm bow {elec, penet}
     2 | D        | Found a transporter.
     2 | D        | Found an ancient bone altar of Kikubaaqudgha.
     2 | D        | Found a viscous altar of Jiyva.
     2 | D        | Found a corrupted altar of Lugonu.
     2 | D        | Found a hazy altar of Hepliaklqana.
     2 | D        | Found a burning altar of Makhleb.
     2 | D        | Found an opulent altar of Gozag.
    62 | D        | Reached skill level 7 in Maces & Flails
    62 | D        | Reached XP level 2. HP: 24/24 MP: 2/2
    72 | D        | Became a worshipper of Warmaster Okawaru
    82 | D        | Entered arena 2.
    82 | D        | Noticed a merfolk
    82 | D        | Noticed a merfolk
    82 | D        | Found a transporter.
    88 | D        | Killed a merfolk
    88 | D        | Reached * piety under Okawaru
    89 | D        | Reached skill level 8 in Maces & Flails
    89 | D        | Reached XP level 3. HP: 19/35 MP: 3/3
    89 | D        | Reached XP level 4. HP: 22/41 MP: 4/4
    89 | D        | Reached XP level 5. HP: 25/47 MP: 5/5
    89 | D        | Reached XP level 6. HP: 28/53 MP: 6/6
    91 | D        | Killed a merfolk
    91 | D        | Reached ** piety under Okawaru
    92 | D        | Reached XP level 7. HP: 34/62 MP: 7/7
   231 | D        | Entered arena 3.
   231 | D        | Found a transporter.
   235 | D        | Reached skill level 1 in Invocations
   235 | D        | Reached skill level 1 in Evocations
   236 | D        | Reached skill level 9 in Maces & Flails
   240 | D        | Got the ring of Xom's Entertainment {rF+ rC+ rCorr}
   244 | D        | Got Vuzaokol's Tome of Illusion and Confrontation
   246 | D        | Entered arena 4.
   246 | D        | Noticed a wraith
   246 | D        | Found a transporter.
   258 | D        | Killed a wraith
   258 | D        | Reached *** piety under Okawaru
   259 | D        | Reached skill level 10 in Shields
   259 | D        | Reached XP level 8. HP: 70/70 MP: 8/10
   271 | D        | Entered arena 5.
   271 | D        | Found a transporter.
   280 | D        | Got the ring of the Witching Hero {rN+ Str+6 Int+4}
   285 | D        | Entered arena 6.
   285 | D        | Noticed a yaktaur
   285 | D        | Noticed a yaktaur
   285 | D        | Noticed a yaktaur
   285 | D        | Found a transporter.
   295 | D        | Reached skill level 10 in Maces & Flails
   295 | D        | Killed a yaktaur
   300 | D        | Killed a yaktaur
   300 | D        | Reached **** piety under Okawaru
   301 | D        | Reached skill level 10 in Armour
   301 | D        | Reached skill level 5 in Invocations
   301 | D        | Reached skill level 5 in Evocations
   301 | D        | Reached XP level 9. HP: 73/78 MP: 10/13
   304 | D        | Killed a yaktaur
   305 | D        | Reached skill level 11 in Maces & Flails
   361 | D        | Entered arena 7.
   361 | D        | Noticed a vault guard
   361 | D        | Noticed a yaktaur captain
   361 | D        | Noticed a vault sentinel
   361 | D        | Noticed a vault sentinel
   361 | D        | Noticed a slime creature
   361 | D        | Noticed a vault guard
   362 | D        | Found a transporter.
   364 | D        | Killed a slime creature
   365 | D        | Reached skill level 10 in Fighting
   372 | D        | Killed a yaktaur captain
   372 | D        | Killed a vault sentinel
   372 | D        | Killed a vault guard
   372 | D        | Reached ***** piety under Okawaru
   373 | D        | Reached skill level 12 in Maces & Flails
   373 | D        | Reached XP level 10. HP: 77/87 MP: 13/16
   377 | D        | Killed a vault sentinel
   378 | D        | Reached skill level 13 in Maces & Flails
   378 | D        | Killed a vault guard
   378 | D        | Identified the +1 scale mail "Ocomeopn" {-Tele rPois rF+
                  | Str+3} (Okawaru gifted it to you in the Dungeon)
   378 | D        | Received a gift from Okawaru
   397 | D        | Entered arena 8.
   397 | D        | Noticed a wolf spider
   397 | D        | Noticed a wolf spider
   404 | D        | Killed a wolf spider
   405 | D        | Killed a wolf spider
   406 | D        | Reached skill level 14 in Maces & Flails
   408 | D        | Reached XP level 11. HP: 72/95 MP: 15/18
   408 | D        | Found a transporter.
   501 | D        | Entered arena 9.
   501 | D        | Found the +8 Vampire's Tooth {vamp}
   501 | D        | Found the brooch of Shielding {Spirit SH+8}
   503 | D        | Found a transporter.
   511 | D        | Reached skill level 10 in Invocations
   542 | D        | Entered arena 10.
   542 | D        | Found the +3 salamander hide armour {Flames rF++ rC--}
   542 | D        | Noticed Qopazeacw the pandemonium lord
   542 | D        | Noticed Vajoko the pandemonium lord
   542 | D        | Noticed a sixfirhy
   546 | D        | Killed a sixfirhy
   549 | D        | Reached skill level 15 in Maces & Flails
   568 | D        | Gained mutation: You are frail. (-10% HP) [mutagenic glow]
   577 | D        | Killed Vajoko the pandemonium lord
   577 | D        | Received a gift from Okawaru
   578 | D        | Reached skill level 16 in Maces & Flails
   578 | D        | Reached skill level 15 in Shields
   590 | D        | Gained mutation: Your magical capacity is low. (-10% MP)
                  | [mutagenic glow]
   595 | D        | Killed Qopazeacw the pandemonium lord
   595 | D        | Identified the +0 pair of boots of the Dolphin {rF+ Int-5
                  | Dex+4} (Okawaru gifted it to you in the Dungeon)
   595 | D        | Received a gift from Okawaru
   595 | D        | Reached ****** piety under Okawaru
   596 | D        | Reached skill level 17 in Maces & Flails
   596 | D        | Reached XP level 12. HP: 53/97 MP: 3/18
   596 | D        | Found a transporter.
   602 | D        | Gained mutation: You have sharp fingernails. [mutagenic
                  | glow]
   614 | D        | Gained mutation: You sometimes lose the ability to read
                  | scrolls when taking damage. [mutagenic glow]
   632 | D        | Gained mutation: Your magical capacity is very low. (-20%
                  | MP) [mutagenic glow]
   647 | D        | Gained mutation: Your spells are a little easier to cast,
                  | but a little less powerful. [mutagenic glow]
   658 | D        | Gained mutation: Armour fits poorly on your strangely
                  | shaped body. [mutagenic glow]
   677 | D        | Gained mutation: You are dopey. (Int -2) [mutagenic glow]
   688 | D        | Lost mutation: You have sharp fingernails. [mutagenic glow]
   704 | D        | Gained mutation: Your spells are easier to cast, but less
                  | powerful. [mutagenic glow]
   716 | D        | Gained mutation: You are very dopey. (Int -4) [mutagenic
                  | glow]
   735 | D        | Gained mutation: You are clumsy. (Dex -2) [mutagenic glow]
   747 | D        | Gained mutation: You are very frail. (-20% HP) [mutagenic
                  | glow]
   896 | D        | Entered arena 11.
   897 | D        | Found a transporter.
   914 | D        | Got the amulet of Youthful Indiscretion {RegenMP Fragile
                  | Int+2 Dex+4}
   996 | D        | Entered arena 12.
   998 | D        | Found a transporter.
  1001 | D        | Reached skill level 15 in Fighting
  1003 | D        | Reached skill level 18 in Maces & Flails
  1003 | D        | Reached skill level 15 in Armour
  1003 | D        | Identified the +6 crystal plate armour of Jishuurr {Harm
                  | +Blink +Inv Dex-3} (Okawaru gifted it to you in the
                  | Dungeon)
  1003 | D        | Received a gift from Okawaru
  1020 | D        | Got the Grimoire of Flying Ignition
  1034 | D        | Entered arena 13.
  1034 | D        | Found the +4 skin of Zhor {*Englaciate rC+++ SInv}
  1034 | D        | Noticed a steelbarb worm
  1034 | D        | Noticed a pharaoh ant
  1034 | D        | Noticed an emperor scorpion
  1034 | D        | Noticed an entropy weaver
  1034 | D        | Noticed a sun moth
  1034 | D        | Noticed an emperor scorpion
  1036 | D        | Found a transporter.
  1050 | D        | Mangled by a steelbarb worm

Illustrated notes

Levels and vault maps discovered:
D:        sprint_v [room_start, room_1, room_2, room_3, room_4, room_5, room_6,
          room_7, room_8, room_9, room_10, room_11, room_12, room_13, room_14,
          room_15, room_16, room_17, room_18, room_19, room_20, room_21,
          room_22, room_23, room_24, room_25, room_26, room_27]

Skill      XL: |  1  2  3  4  5  6  7  8  9 10 11 12 |
---------------+-------------------------------------+-----
Maces & Flails | 7 8 9 10 12 14 17 18 | 18.3
Fighting       | 6 8 9 11 12 14 15 | 15.3
Armour         | 7 8 9 10 11 12 14 15 | 15.2
Shields        | 7 9 10 11 12 13 16 | 16.7
Invocations    | 3 5 8 9 12 | 12.0
Evocations     | 3 5 6 |  6.0

Action                   |  1- 3 |  4- 6 |  7- 9 | 10-12 || total
-------------------------+-------+-------+-------+-------++-------
Melee: Shillelagh        |     5 |     3 |    40 |    83 ||   131
       Maul              |       |       |       |    12 ||    12
Invok: Heroism           |       |       |       |     4 ||     4
       Finesse           |       |       |       |     2 ||     2
Evoke: Tin of tremorston |       |       |     2 |     1 ||     3
       Wand              |       |       |       |     5 ||     5
  Use: Potion            |     1 |       |       |     5 ||     6
       Scroll            |       |       |     1 |     1 ||     2
Armor: Plate armour      |       |       |    16 |    57 ||    73
Dodge: Dodged            |       |       |       |    18 ||    18
Block: Kite shield       |     9 |     2 |    62 |   154 ||   227

Table legend: (Time is in decaauts)
 A = Elapsed time spent in this place.
 B = Non-inter-level travel time spent in this place.
 C = Inter-level travel time spent in this place.
 D = Time resting spent in this place.
 E = Time spent auto-exploring this place.
 F = Levels seen in this place.
 G = Mean time per level.
                   A        B        C        D        E       F      G
               +--------+--------+--------+--------+--------+-----+--------+
         Total |   1003 |   1003 |      0 |    608 |      0 |   1 | 1003.0 |
       Dungeon |   1003 |   1003 |      0 |    608 |      0 |   1 | 1003.0 |
               +--------+--------+--------+--------+--------+-----+--------+

Top non-repeatable levels by time:
       D: 1003 daAuts
